 Dungeon Crawl Stone Soup version 0.31.0-32-g396128a36d (webtiles) character file.

Game seed: 6319437101424238437

28 PaiMei the Grave Robber (level 2, -3/20 HPs)
             Began as a Demonspawn Necromancer on Apr 25, 2024.
             Slain by a black bear (4 damage)
             ... on level 4 of the Dungeon.
             The game lasted 00:02:16 (1414 turns).

PaiMei the Grave Robber (Demonspawn Necromancer)    Turns: 1414, Time: 00:02:17

Health: -3/20      AC:  2    Str:  8    XL:     2   Next: 96%
Magic:  0/5        EV: 12    Int: 15    God:
Gold:   109        SH:  0    Dex: 13    Spells: 4/5 levels left

rFire   . . .        c - +0 flail
rCold   . . .        (no shield)
rNeg    . . .        a - +0 robe
rPois   .            (helmet restricted)
rElec   .            (no cloak)
rCorr   .            (no gloves)
SInv    .            (no boots)
Will    .....        (no amulet)
Stlth   ++           e - +4 ring of slaying
HPRegen 0.23/turn    (no ring)
MPRegen 0.09/turn

%: no passive effects
@: no status effects
A: horns 1
a: no special abilities


You were on level 4 of the Dungeon.
You visited 1 branch of the dungeon, and saw 3 of its levels.

You collected 109 gold pieces.

Inventory:

Hand Weapons
 c - a +0 flail (weapon)
Missiles
 f - 5 poisoned darts
 h - 3 atropa-tipped darts (quivered)
Armour
 a - a +0 robe (worn)
Jewellery
 e - a +4 ring of slaying (left hand)
 j - a +4 ring of protection
Scrolls
 d - a scroll of amnesia {unknown}
 k - a scroll of fog {unknown}
 l - a scroll of identify {unknown}
Potions
 b - a potion of magic
 g - 2 potions of haste {unknown}
 i - 2 potions of enlightenment {unknown}
 m - a potion of curing {unknown}


   Skills:
 + Level 0.7 Fighting
 + Level 2.1 Dodging
 - Level 2.0 Stealth
 + Level 2.3 Spellcasting
 + Level 4.7 Necromancy


You had 4 spell levels left.
You knew the following spells:

 Your Spells              Type           Power      Damage    Failure   Level
a - Necrotise             Necr           60%        1d7       3%          1

Your spell library contained the following spells:

 Spells                   Type           Power      Damage    Failure   Level
 Vampiric Draining        Necr           15%        2d7       10%         3
 Animate Dead             Necr           15%        N/A       30%         4
 Jinxbite                 Hex            2%         N/A       32%         2
 Curse of Agony           Necr           15%        N/A       65%         5
 Yara's Violent Unravell  Hex/Alch       0%         3d3       99%         5
 Enfeeble                 Hex            0%         N/A       100%        7


Dungeon Overview and Level Annotations

Branches:
Dungeon (2/15)

Altars:


Innate Abilities, Weirdness & Mutations

You have a pair of small horns on your head.


Message History

You don't know that spell.
Casting: Necrotise (safe; 3% risk of failure)
Confirm with . or Enter, or press ? or * to list all spells.
Aiming: Necrotise (safe; 3% risk of failure)
Press: ? - help, Shift-Dir - straight line, f/p - black bear
Aim: a black bear (lightly wounded, chance to affect: 72%)
The black bear writhes in agony!
The black bear closely misses you.
The black bear claws you but does no damage.
The black bear barely misses you.
Casting: Necrotise (safe; 3% risk of failure)
Confirm with . or Enter, or press ? or * to list all spells.
Aiming: Necrotise (safe; 3% risk of failure)
Press: ? - help, Shift-Dir - straight line, f/p - black bear
Aim: a black bear (heavily wounded, chance to affect: 72%)
The black bear struggles to resist.
The black bear bites you but does no damage.
The black bear claws you. x2
Casting: Necrotise (safe; 3% risk of failure)
Confirm with . or Enter, or press ? or * to list all spells.
Aiming: Necrotise (safe; 3% risk of failure)
Press: ? - help, Shift-Dir - straight line, f/p - black bear
Aim: a black bear (heavily wounded, chance to affect: 72%)
The black bear writhes in agony.
The black bear bites you. The black bear claws you.
The black bear closely misses you.
Casting: Necrotise (safe; 3% risk of failure)
Confirm with . or Enter, or press ? or * to list all spells.
Aiming: Necrotise (safe; 3% risk of failure)
Press: ? - help, Shift-Dir - straight line, f/p - black bear
Aim: a black bear (heavily wounded, chance to affect: 72%)
The black bear struggles to resist.
The black bear misses you. The black bear claws you.
The black bear barely misses you.
You hit the black bear.
The black bear is heavily wounded.
The black bear bites you but does no damage.
The black bear misses you. The black bear claws you.
* * * LOW HITPOINT WARNING * * *
The black bear bites you.
* * * LOW HITPOINT WARNING * * *
The black bear claws you.
You die...

#.# ##########
#.# #.........
#.# #.........
#.# #.........
#h# #.........
#.# #.........
#.# #.........
#.###........l
#...h@........
#####.(.......
#####+####


You could see a black bear.

Vanquished Creatures
  4 endoplasms
  A giant cockroach (D:1)
  A goblin (D:1)
  4 hobgoblins (D:1)
  6 jackals
  A ball python (D:1)
  A bat (D:2)
  2 frilled lizards
  A kobold (D:2)
  3 rats (D:1)
24 creatures vanquished.

Notes
Turn   | Place    | Note
-------+----------+-------------------------------------------
     0 | D:1      | PaiMei the Demonspawn Necromancer began the quest for the
                  | Orb.
     0 | D:1      | Reached XP level 1. HP: 13/13 MP: 3/3
   291 | D:1      | Gained mutation: You have a pair of small horns on your
                  | head. [demonic ancestry]
   291 | D:1      | Reached XP level 2. HP: 19/19 MP: 1/5
   449 | D:1      | Found a faded altar of an unknown god.
  1369 | D:2      | You fall into a shaft and drop 2 floors!
  1381 | D:4      | Noticed a black bear
  1414 | D:4      | HP: 1/20 [black bear (4)]
  1414 | D:4      | Slain by a black bear

Illustrated notes

Levels and vault maps discovered:
D:1:      elethiomel_arrival_quiet, layout_loops_corners, basic_ecumenical_altar
D:2:      layout_loops_ring, basic_altar, nicolae_shop_vocational
D:4:      layout_basic, lemuel_round_altar, minmay_goblin_outpost, uniq_grinder

Skill      XL: |  1 |
---------------+----+-----
Stealth        | 2 |  2.0
Dodging        | 2 |  2.1
Fighting       | |  0.7
Spellcasting   | |  2.3
Necromancy     | |  4.7

Action                     || total
---------------------------++-------
  Melee: Flail             ||    12
   Cast: Necrotise         ||    42
 Armour: Robe              ||    25
  Dodge: Dodged            ||    18
